Map: Backwater LE

Players

CinDra

  • Race: Zerg Zerg
  • League: Silver
  • Spawn Location: 11:00

KingCullen - Winner!

  • Race: Terran Terran
  • League: Gold
  • Spawn Location: 5:00

VOD

Have the link to the VOD?

Description

Time

  • Played on: Feb. 22, 2018, 10:45 a.m.
  • Length: 13:15
Show
View Real Time Build Order
Export as new Build Order

CinDra Zerg 

Build Orders: Hatch First 

Get SALT Encoding   

  12  0:01  Drone  
  13  0:12  Overlord  
  13  0:19  Drone  
  14  0:30  Drone  
  14  0:31  Drone  
  14  0:34  Drone  
  17  0:47  Drone  
  18  0:59  Hatchery  
  18  1:00  Drone  
  18  1:08  Drone  
  19  1:17  Drone  
  20  1:25  Spawning Pool  
  19  1:28  Drone  
  20  1:36  Extractor  
  20  1:38  Drone  
  20  1:49  Drone  
  21  2:00  Drone  
  22  2:10  Overlord  
  22  2:15  Drone  
  23  2:17  Queen  
  23  2:18  Queen  
  27  2:23  Drone  
  27  2:26  Overlord  
  28  2:39  Drone  
  28  2:40  Drone  
  30  2:44  Overlord  
  30  2:46  Drone  
  30  2:48  Metabolic Boost  
  31  2:54  Zergling x4  
  33  3:03  Queen  
  35  3:10  Overlord  
  35  3:23  Drone x2  
  35  3:24  Drone  
  38  3:27  Zergling x6  
  38  3:28  Zergling x4  
  43  3:39  Overlord  
  43  3:40  Zergling x6  
  46  3:49  Pneumatized Carapace, Hatchery  
  46  3:50  Drone  
  46  3:54  Extractor  
  45  4:05  Zergling x14  
  52  4:23  Drone x2  
  52  4:24  Drone  
  55  4:30  Roach Warren  
  54  4:35  Drone x2  
  54  4:36  Drone x3  
  59  5:05  Drone x6  
  65  5:12  Lair  
  65  5:33  Drone x9  
  74  5:41  Overlord x2  
  74  6:10  Glial Reconstitution  
  74  6:12  Drone  
  74  6:13  Drone x8  
  83  6:24  Roach x2  
  85  6:42  Roach x2  
  85  6:43  Overlord x4  
  89  6:50  Overseer x2  
  89  6:51  Overseer  
  89  6:59  Extractor  
  89  7:01  Extractor  
  87  7:02  Extractor  
  87  7:04  Extractor  
  85  7:27  Roach x6, Baneling Nest  
  85  7:28  Drone  
  97  7:30  Zergling x22  
  108  8:02  Drone  
  109  8:06  Drone x4  
  109  8:07  Roach  
  109  8:08  Roach x3, Overlord  
  109  8:09  Overlord x3  
  121  8:14  Centrifical Hooks  
  121  8:27  Baneling  
  121  8:28  Baneling x6  
  121  8:32  Baneling x7  
  121  8:46  Roach  
  121  8:47  Roach x15  
  121  8:48  Overlord x2  
  140  9:30  Spire  
  123  10:04  Roach x3  
  123  10:05  Zergling x8, Roach x2  
  123  10:06  Zergling x12  
  143  10:07  Queen  
  145  10:46  Evolution Chamber  
  145  10:48  Evolution Chamber  
  143  11:05  Mutalisk x5  
  143  11:06  Mutalisk x8  
  143  11:07  Overlord x2  
  169  11:19  Overlord x2  
  109  11:56  Roach x9  
  109  11:57  Roach x9  
  119  12:05  Overseer  
  119  12:06  Overseer x3  
  119  12:11  Roach x3  
  75  12:45  Roach  
  75  12:46  Roach x14  
Show
View Real Time Build Order
Export as new Build Order

KingCullen Terran - Winner!

Build Orders: MMM Bio 

Get SALT Encoding   

  12  0:01  SCV  
  13  0:13  SCV  
  14  0:18  Supply Depot  
  14  0:25  SCV  
  15  0:39  SCV  
  15  0:41  Barracks  
  16  0:50  Refinery  
  16  0:51  SCV  
  17  1:01  Refinery  
  17  1:03  SCV  
  19  1:25  SCV  
  19  1:38  Command Center  
  19  1:41  Supply Depot  
  19  1:42  Barracks Tech Lab  
  19  1:46  SCV  
  20  1:56  Barracks  
  20  2:01  SCV  
  21  2:13  Marine, SCV  
  23  2:22  Barracks  
  23  2:27  SCV  
  24  2:35  Marine  
  25  2:39  SCV  
  26  2:50  SCV  
  27  2:51  SCV  
  27  2:53  Bunker  
  28  3:00  Marauder  
  28  3:02  SCV  
  31  3:30  SCV  
  31  3:32  Concussive Shells  
  32  3:34  Barracks Reactor, Barracks Tech Lab  
  32  3:40  Engineering Bay  
  32  3:42  SCV  
  32  3:45  Factory  
  32  3:47  Marine  
  34  3:54  SCV, Supply Depot  
  35  3:57  Orbital Command  
  35  4:05  Marine  
  35  4:06  SCV  
  35  4:07  Terran Infantry Weapons Level 1  
  37  4:18  Supply Depot  
  37  4:19  Marine x3  
  37  4:23  Marine  
  41  4:29  Factory Tech Lab  
  41  4:36  Marine  
  41  4:38  Marine x2  
  44  4:40  Combat Shields  
  44  4:43  Stimpack, Marine  
  45  4:49  Supply Depot  
  45  4:54  Marine  
  45  4:55  Orbital Command  
  46  5:05  Marine x3  
  49  5:08  Siege Tank  
  52  5:23  Marauder  
  54  5:35  Starport  
  54  5:39  Marine  
  54  5:40  Marine x2  
  57  5:45  Marauder  
  59  5:53  Siege Tank  
  62  5:57  Marine x2, SCV  
  62  5:58  Marauder  
  62  6:03  SCV  
  68  6:06  Marine  
  68  6:09  SCV  
  70  6:14  Supply Depot  
  70  6:15  Marine, SCV  
  70  6:16  Starport Reactor  
  72  6:20  Terran Infantry Armor Level 1  
  72  6:21  SCV  
  73  6:28  Armory  
  73  6:36  Widow Mine  
  73  6:38  Supply Depot  
  75  6:52  Command Center  
  75  6:56  SCV x2  
  75  6:59  Refinery  
  77  7:04  Refinery  
  77  7:08  Medivac, SCV  
  77  7:09  SCV  
  77  7:11  Medivac  
  77  7:14  Marine  
  84  7:15  Marine  
  84  7:20  SCV  
  84  7:21  SCV  
  87  7:25  Drilling Claws  
  87  7:28  Terran Vehicle And Ship Armor Level 1  
  87  7:41  SCV x2  
  89  7:48  Marine  
  89  7:49  Marine x3  
  93  7:53  SCV  
  94  8:01  Medivac x2  
  94  8:02  SCV  
  99  8:08  Supply Depot  
  99  8:14  Terran Infantry Weapons Level 2  
  99  8:30  Marine x4  
  99  8:31  Supply Depot  
  103  8:44  Siege Tank  
  103  8:46  Medivac x2  
  103  8:47  Marine  
  103  8:48  Marine x3  
  111  8:53  SCV  
  111  8:55  Supply Depot  
  115  9:05  SCV, Marine  
  115  9:06  Marine x3  
  120  9:16  Medivac  
  122  9:17  Supply Depot  
  122  9:18  SCV  
  117  9:28  Marine x2  
  117  9:29  Marine x2  
  121  9:46  Marine x4  
  117  10:04  Marine x4  
  119  10:10  Terran Vehicle And Ship Armor Level 2  
  119  10:13  Supply Depot  
  119  10:20  Fusion Core  
  119  10:21  Marine, Starport  
  119  10:22  Marine x3  
  123  10:31  SCV x2  
  125  10:39  Marine  
  126  10:43  SCV x2  
  126  10:49  Refinery  
  128  10:52  Refinery  
  128  10:53  Orbital Command  
  128  10:55  SCV x2  
  130  10:58  Marine x2  
  130  10:59  Marauder x2, Starport  
  130  11:02  Starport Tech Lab  
  136  11:07  SCV x2  
  136  11:11  Armory  
  138  11:15  Engineering Bay  
  138  11:16  Marine x2  
  140  11:19  SCV x2  
  140  11:21  Marauder x2  
  146  11:30  SCV  
  146  11:31  SCV  
  146  11:32  SCV  
  149  11:34  Marine  
  150  11:42  Marauder  
  115  12:55  Marine  
  115  12:56  Marine x3  
Tags
 
Composition
MMM Bio
Matchup
TvZ
Spawn Locations
Cross Positions
Add a new tag
Caveats
  • Supply blocks, unpowered buildings, or Contaminate may cause inaccurate times.
  • Supply counts are checked every 10 seconds.